 Dungeon Crawl Stone Soup version 0.29.1-13-g9f3cf754e1 (webtiles) character file.

Game seed: 8299765583660289346

104 theswoord the Chopper (level 4, -2/35 HPs)
             Began as a Demonspawn Fighter on Jan 31, 2023.
             Slain by Crazy Yiuf
             ... wielding a +3 quarterstaff of chaos
              (9 damage)
             ... on level 2 of the Dungeon.
             The game lasted 00:02:18 (2510 turns).

theswoord the Chopper (Demonspawn Fighter)          Turns: 2510, Time: 00:02:18

Health: -2/35      AC:  6    Str: 16    XL:     4   Next: 52%
Magic:  4/4        EV:  8    Int: 10    God:
Gold:   97         SH:  4    Dex: 14    Spells: 3/3 levels left

rFire   . . .      SeeInvis .   e - +0 broad axe
rCold   . . .      Faith    .   c - +0 buckler
rNeg    . . .      Spirit   .   b - +0 scale mail
rPois   .          Reflect  .   (no helmet)
rElec   .          Harm     .   (no cloak)
rCorr   .          Rampage  .   (no gloves)
Will    .....                   (no boots)
Stlth   ..........              (no amulet)
HPRegen 0.11/turn               (no ring)
MPRegen 0.09/turn               (no ring)

@: no status effects
A: hooves 1
a: no special abilities


You were on level 2 of the Dungeon.
You visited 1 branch of the dungeon, and saw 2 of its levels.

You collected 97 gold pieces.

Inventory:

Hand Weapons
 a - a +0 war axe
 e - a +0 broad axe (weapon)
Armour
 b - a +0 scale mail (worn)
 c - a +0 buckler (worn)
Jewellery
 f - a ring of fire
 i - a +6 ring of strength
Scrolls
 g - a scroll of vulnerability {unknown}
 h - a scroll of fear {unknown}
 k - 2 scrolls of identify {unknown}
 m - a scroll of amnesia {unknown}
 n - a scroll of magic mapping {unknown}
Potions
 d - 2 potions of might
 j - 2 potions of heal wounds {unknown}
 l - a potion of mutation {unknown}
 o - a potion of curing {unknown}
 p - a potion of attraction {unknown}


   Skills:
 - Level 3.0 Fighting
 + Level 4.4 Axes
 - Level 2.6 Armour
 - Level 2.6 Shields


You had 3 spell levels left.
You didn't know any spells.
Your spell library was empty.

Dungeon Overview and Level Annotations

Branches:
Dungeon (2/15)

Altars:
Kikubaaqudgha

Annotations:
D:2 Crazy Yiuf


Innate Abilities, Weirdness & Mutations

You have large cloven feet.


Message History

p - a coppery potion
There is a stone staircase leading down here.
You enter the shallow water.
Moving in this stuff is going to be slow.
You enter the shallow water.
Moving in this stuff is going to be slow.
You enter the shallow water.
Moving in this stuff is going to be slow.
You open the door.
There is an open door here.
There is a stone staircase leading down here.
As you open the door, it creaks loudly!
There is a stone staircase leading down here.
There is a shaft here.
There is an escape hatch in the floor here.
You enter the shallow water.
Moving in this stuff is going to be slow.
Key pressed, stopping explore.
You enter the shallow water.
Moving in this stuff is going to be slow.
Key pressed, stopping explore.
There is a shaft here.
There is an escape hatch in the floor here.
Crazy Yiuf shouts!
Could not explore, unopened runed door.
Could not explore, unopened runed door.
You open the door. You hit Crazy Yiuf but do no damage.
Crazy Yiuf hits you with a +3 quarterstaff of chaos!
Crazy Yiuf freezes you.
* * * LOW HITPOINT WARNING * * *
You barely miss Crazy Yiuf. Your kick misses Crazy Yiuf.
Crazy Yiuf hits you with a +3 quarterstaff of chaos.
* * * LOW HITPOINT WARNING * * *
You convulse.
* * * LOW HITPOINT WARNING * * *
Crazy Yiuf barely misses you.
You completely miss Crazy Yiuf. Your kick misses Crazy Yiuf.
Crazy Yiuf hits you with a +3 quarterstaff of chaos!
You die...

##'####.# #.# #..#....
#.# #.# #.# #.......
#.####.# #.# #.#.....
#....### ### #..>....
########.# ####.###
.........# ♣♣♣♣♣## #.#
# ########.# ###
♣♣♣.♣...### #.# # ...#
#.#
#...#♣..♣......###.###
##.# #.#
#...g@♣♣♣♣......##....
#.# #.# #)..#♣♣
♣♣..#..###### #.# #.#
### ♣♣##........ #.#
#.# #########
#.#####.# #.......#
#########


You could see Crazy Yiuf.

Vanquished Creatures
  Natasha (thrice) (D:2)
  2 dart slugs
  3 ball pythons
  4 endoplasms
  A giant cockroach (D:2)
  4 hobgoblins (D:2)
  A kobold (D:1)
  2 quokkas
  3 bats
  A frilled lizard (D:2)
  A rat (D:2)
25 creatures vanquished.

Vanquished Creatures (others)
  3 plants (D:2)
3 creatures vanquished.

Grand Total: 28 creatures vanquished

Notes
Turn   | Place    | Note
-------+----------+-------------------------------------------
     0 | D:1      | theswoord the Demonspawn Fighter began the quest for the
                  | Orb.
     0 | D:1      | Reached XP level 1. HP: 18/18 MP: 1/1
   274 | D:1      | Reached skill level 2 in Axes
   405 | D:1      | Found a faded altar of an unknown god.
   596 | D:1      | Gained mutation: You have large cloven feet. [demonic
                  | ancestry]
   596 | D:1      | Reached XP level 2. HP: 24/24 MP: 2/2
  1081 | D:2      | Noticed Natasha
  1083 | D:2      | Noticed a crimson imp
  1086 | D:2      | Killed Natasha
  1087 | D:2      | Reached skill level 3 in Axes
  1087 | D:2      | Reached XP level 3. HP: 22/29 MP: 3/3
  1221 | D:2      | Found a runed translucent door.
  1222 | D:2      | Noticed Crazy Yiuf
  1266 | D:2      | Noticed Natasha
  1277 | D:2      | Killed Natasha
  1566 | D:2      | Reached XP level 4. HP: 35/35 MP: 4/4
  1642 | D:2      | Reached skill level 4 in Axes
  1886 | D:2      | Found an ancient bone altar of Kikubaaqudgha.
  1995 | D:2      | Noticed Natasha
  2004 | D:2      | Killed Natasha
  2510 | D:2      | Slain by Crazy Yiuf

Skill      XL: |  1  2  3  4 |
---------------+-------------+-----
Axes           | 2 3 4 |  4.4
Fighting       | |  3.0
Armour         | |  2.6
Shields        | |  2.6

Action                   |  1- 3 |  4- 6 || total
-------------------------+-------+-------++-------
Melee: Broad axe         |    44 |    22 ||    66
       Kick              |     7 |     2 ||     9
Armor: Scale mail        |    18 |     8 ||    26
Dodge: Dodged            |    17 |     8 ||    25
Block: Buckler           |    11 |     2 ||    13

Levels and vault maps discovered:
D:1:      lemuel_arrival_funnel, layout_basic,
          chequers_ecumenical_altar_simple_redux
D:2:      layout_basic, basic_altar, serial_bayou, serial_bayou_pond_e,
          serial_bayou_shore_b, serial_bayou_lake_a, serial_bayou_shore_a,
          serial_bayou_ford_a, uniq_natasha, uniq_crazy_yiuf_cottage
